 Dungeon Sprint DCSS version 0.29-a0-334-gb41bcbb86e (webtiles) character file.

Game seed: 13989867331700669702

53887 mhtbhm the Merfolkian Porcupine (level 14, -6/153 HPs)
             Began as a Merfolk Berserker on Apr 13, 2022.
             Was the Champion of Trog.
             Mangled by an ironbound frostheart (17 damage)
             ... in the Dungeon (Sprint IX: "|||||||||||||||||||||||||||||").
             The game lasted 00:09:22 (5421 turns).

mhtbhm the Merfolkian Porcupine (Merfolk Berserker) Turns: 5421, Time: 00:09:22

Health: -6/153     AC: 27    Str: 29    XL:     14   Next: 70%
Magic:  14/14      EV: 15    Int:  6    God:    Trog [******]
Gold:   1          SH:  0    Dex: 13    Spells: 13/13 levels left

rFire   + . .      SeeInvis .   r - +4 bardiche (drain)
rCold   . . .      Faith    .   (shield currently unavailable)
rNeg    . . .      Spirit   .   b - +2 plate armour {rF+}
rPois   .          Reflect  .   q - +2 hat
rElec   .          Harm     .   s - +0 cloak
rCorr   .          Rampage  .   (no gloves)
Will    +....      NoTele   +   D - +1 pair of boots
Stlth   ..........              (no amulet)
HPRegen 0.35/turn               l - +2 ring of protection
MPRegen 0.14/turn               u - ring "Nirewott" {Str+6 Slay+2}

@: on berserk cooldown, slowed, very slow
A: (nimble swimmer 2), mertail
a: Renounce Religion, Berserk, Trog's Hand, Brothers in Arms


You were in the Dungeon.
You worshipped Trog.
Trog was exalted by your worship.
You visited 1 branch You collected 1920 gold pieces.
You spent 1919 gold pieces at shops.

Inventory:

Hand Weapons
 a - the +10 glaive of the Vulture {flame, rC- Str+5}
   (Trog gifted it to you in the Dungeon)

   It burns those it strikes, dealing additional fire damage.
   Big, fiery blades are also staple armaments of hydra-hunters.
   Str:       It affects your strength (+5).
   rC:        It makes you vulnerable to cold.
 r - a +4 bardiche of draining (weapon)
Armour
 b - a +2 plate armour of fire resistance (worn)
 q - a +2 hat (worn)
 s - a +0 cloak (worn)
 D - a +1 pair of boots (worn)
Jewellery
 l - a +2 ring of protection (left hand)
 m - a +2 ring of protection
 u - the ring "Nirewott" (right hand) {Str+6 Slay+2}
   (You bought it in a shop in the Dungeon)

   [ring of strength]

   Str:       It affects your strength (+6).
   Slay:      It affects your accuracy & damage with ranged weapons and melee
   (+2).
 z - a ring of fire
 A - a ring of protection from cold
 B - a ring of willpower
 C - a ring of fire
Wands
 j - a wand of acid (5)
Scrolls
 h - 3 scrolls of blinking
 n - 3 scrolls of enchant armour
 o - a scroll of identify
 t - 2 scrolls of enchant weapon
 v - a scroll of brand weapon
 w - a scroll of summoning
 y - a scroll of immolation
 E - a scroll of fog
Potions
 c - 7 potions of curing
 d - 2 potions of heal wounds
 f - 4 potions of magic
 g - 3 potions of berserk rage
 i - a potion of invisibility
 k - 2 potions of mutation
 x - a potion of ambrosia


   Skills:
 O Level 27 Fighting
 O Level 27 Polearms
 + Level 1.4 Throwing
 + Level 15.3 Armour
 + Level 16.7 Dodging
 + Level 5.3 Stealth
 + Level 3.2 Evocations


You had 13 spell levels left.
You didn't know any spells.
Your spell library was empty.

Dungeon Overview and Level Annotations

Branches:
Dungeon (1/1)

Altars:
Cheibriados
Dithmenos
Elyvilon
Fedhas
Gozag
Hepliaklqana
Kikubaaqudgha
Makhleb
Nemelex Xobeh
Okawaru
Qazlal
Ru
Sif Muna
Trog
Uskayaw
Vehumet
Wu Jian
Xom
Yredelemnul
Zin
The Shining One
Beogh
Jiyva
Lugonu

Shops:
D *=:?


Innate Abilities, Weirdness & Mutations

((You are very nimble when in or above water. (Stealth+, EV+, Speed+++)))
Your lower body shifts to a powerful aquatic tail in water.


Message History

The ironbound frostheart calls freezing cold from the walls.
The frost grips you!!
* * * LOW HITPOINT WARNING * * *
You are encased in ice.
The frost grips your cyclops!!
Your cyclops hits the ironbound frostheart!!
Reach: r) +4 bardiche (drain)
Press: ? - help, Dir - move target, f/p - ironbound frostheart
Aim: an ironbound frostheart, wearing a +0 ring mail (blue smoke, almost dead, not watching you, lightly drained, ally target, about 21% to evade your +4 bardiche of draining)
You could not reach far enough!
The ironbound frostheart touches your cyclops.
The ironbound frostheart freezes your cyclops!!
Your cyclops dies!
Your cyclops's corpse disappears in a puff of smoke!
Unknown command.
Aiming: Corrosive Bolt
Press: ? - help, Shift-Dir - straight line, f/p - ironbound frostheart
Aim: an ironbound frostheart, wearing a +0 ring mail (blue smoke, almost dead, unaware, lightly drained, hasn't noticed you, 77% to hit)
The bolt of acid hits the ironbound frostheart!
You kill the ironbound frostheart!
Trog accepts your kill.
Trog appreciates your killing of a magic user.
The bolt of acid hits the ironbound frostheart!
The ironbound frostheart is moderately wounded.
Unknown command.
Unknown command.
Aiming: Corrosive Bolt
Press: ? - help, Shift-Dir - straight line, f - ironbound frostheart
Aim: an ironbound frostheart, wearing a +0 ring mail (moderately wounded, 77% to hit)
The bolt of acid hits the ironbound frostheart!
The acid corrodes the ironbound frostheart!
The ironbound frostheart is heavily wounded.
The bolt of acid hits the vault sentinel!
The vault sentinel is heavily wounded.
The ice encasing you melts away.
The vault sentinel blows a loud note on a signal horn!
The ironbound frostheart touches you!
* * * LOW HITPOINT WARNING * * *
The ironbound frostheart freezes you!
You die...

▓.▓.♣.♣.▓[▓.▓)▓.▓.
▓.▓.♣.♣.▓[▓.▓)▓.▓.
▓.▓.♣.♣.▓[▓.▓)▓.▓†
▓.▓.♣.♣.▓[▓.▓.▓.▓)
▓[▓.♣.♣.▓[▓.▓)▓.▓†
▓.▓.♣.♣.▓[▓.▓)▓.▓.
▓§▓.♣.♣.▓!▓.▓.▓.▓.
▓§▓.♣)♣.▓.▓.▓.▓.▓.
▓@▓.▓†▓.▓.▓.▓.▓.▓.
▓p▓.▓)▓.▓!▓.▓.▓.▓.
▓[▓)▓)▓.▓.▓.▓.▓.▓.
▓p▓.▓.▓.▓.▓.▓.▓.▓.
▓§▓.▓)▓.▓.▓.▓.▓.▓.
▓.▓.▓.▓.▓.▓.▓'▓.▓.
▓)▓)▓.▓.▓.▓.▓)▓.▓†
▓p▓†▓.▓.▓'▓.▓.▓.▓.
▓.▓.▓†▓.▓)▓.▓)▓.▓.


You could see an ironbound frostheart (corroded) and a vault sentinel (catching
breath, corroded).

Vanquished Creatures
  Saint Roka (D)
  Aizul (D)
  2 vault wardens (D)
  3 frost giants (D)
  A very ugly thing (D)
  An ironbound preserver (D)
  A bunyip (D)
  A merfolk impaler (D)
  2 ettins (D)
  A boulder beetle (D)
  3 hydras (D)
  A rakshasa (D)
  2 ghost crabs (D)
  4 ice dragons (D)
  A spriggan air mage (D)
  A salamander tyrant (D)
  3 centaur warriors (D)
  2 ironbound frosthearts (D)
  An ogre mage (D)
  5 deep troll shamans (D)
  2 deep troll earth magi (D)
  2 orc high priests (D)
  A naga sharpshooter (D)
  A shock serpent (D)
  A hell knight (D)
  Sonja (D)
  A pharaoh ant (D)
  A glowing orange brain (D)
  3 steelbarb worms (D)
  2 ironbound convokers (D)
  A wizard (D)
  A deep elf pyromancer (D)
  A wolf spider (D)
  A mana viper (D)
  An orc knight (D)
  3 harpies (D)
  A cyclops (D)
  A salamander (D)
  An elephant (D)
  A merfolk siren (D)
  Joseph (D)
  3 black mambas (D)
  2 guardian serpents (D)
  A gargoyle (D)
  A torpor snail (D)
  5 cane toads (D)
  A kobold demonologist (D)
  A komodo dragon (D)
  A yaktaur (D)
  2 tengu conjurers (D)
  2 polar bears (D)
  A bloated husk (D)
  2 merfolk (D)
  A troll (D)
  A meliai (D)
  A tyrant leech (D)
  2 blink frogs (D)
  2 snapping turtles (D)
  A slime creature (D)
  2 culicivoras (D)
  2 wraiths (D)
  A water elemental (D)
  A yak (D)
  2 vampire mosquitoes (D)
  Grum (D)
  A redback (D)
  A warg (D)
  A naga (D)
  A water moccasin (D)
  3 hell hounds (D)
  12 orc warriors (D)
  2 black bears (D)
  A black bear (shapeshifter) (D)
  8 wolves (D)
  A kobold brigand (D)
  3 bullfrogs (D)
  A necrophage (D)
  11 orc priests (D)
  A hound (D)
  3 orc wizards (D)
  A shadow imp (D)
  10 orcs (D)
  A giant cockroach (D)
  A goblin (D)
  A hobgoblin (D)
  A quokka (D)
  A rat (D)
170 creatures vanquished.

Vanquished Creatures (collateral kills)
  A very ugly thing (D)
  A deep troll shaman (D)
  3 orc high priests (D)
  A spriggan berserker (D)
  2 orc priests (D)
8 creatures vanquished.

Vanquished Creatures (others)
  A hydra (D)
  A goliath frog (D)
2 creatures vanquished.

Grand Total: 180 creatures vanquished

Notes
Turn   | Place    | Note
-------+----------+-------------------------------------------
     0 | D        | mhtbhm the Merfolk Berserker began the quest for the Orb.
     0 | D        | Reached XP level 1. HP: 18/18 MP: 1/1
     7 | D        | Reached ** piety under Trog
    14 | D        | Reached skill level 5 in Polearms
    20 | D        | Noticed a black bear
    20 | D        | Noticed a hound
    20 | D        | Noticed a black bear
    20 | D        | Noticed a necrophage
    24 | D        | Killed a black bear
    25 | D        | Reached XP level 2. HP: 23/29 MP: 2/2
    25 | D        | Reached XP level 3. HP: 28/35 MP: 3/3
    25 | D        | Reached XP level 4. HP: 33/41 MP: 4/4
    26 | D        | Reached *** piety under Trog
    30 | D        | Reached XP level 5. HP: 40/48 MP: 5/5
   161 | D        | Killed a black bear
   162 | D        | Reached skill level 10 in Polearms
   162 | D        | Reached skill level 5 in Dodging
   170 | D        | Reached XP level 6. HP: 58/58 MP: 6/6
   176 | D        | Found a snail-covered altar of Cheibriados.
   176 | D        | Found a shadowy altar of Dithmenos.
   176 | D        | Found a white marble altar of Elyvilon.
   176 | D        | Found a blossoming altar of Fedhas.
   176 | D        | Found an opulent altar of Gozag.
   177 | D        | Found a hazy altar of Hepliaklqana.
   178 | D        | Found a viscous altar of Jiyva.
   179 | D        | Found an ancient bone altar of Kikubaaqudgha.
   180 | D        | Found a corrupted altar of Lugonu.
   181 | D        | Found a burning altar of Makhleb.
   182 | D        | Found a sparkling altar of Nemelex Xobeh.
   183 | D        | Found an iron altar of Okawaru.
   184 | D        | Found a stormy altar of Qazlal.
   185 | D        | Found a sacrificial altar of Ru.
   186 | D        | Found a shimmering blue altar of Sif Muna.
   187 | D        | Found a bloodstained altar of Trog.
   188 | D        | Found a hide-covered altar of Uskayaw.
   196 | D        | Found a radiant altar of Vehumet.
   203 | D        | Found an ornate altar of the Wu Jian Council.
   204 | D        | Found a shimmering altar of Xom.
   205 | D        | Found a basalt altar of Yredelemnul.
   206 | D        | Found a glowing silver altar of Zin.
   207 | D        | Found a glowing golden altar of the Shining One.
   254 | D        | Noticed a troll
   254 | D        | Noticed a komodo dragon
   254 | D        | Noticed a kobold demonologist
   254 | D        | Noticed a wraith
   254 | D        | Noticed a gargoyle
   260 | D        | Killed a troll
   261 | D        | Reached skill level 10 in Fighting
   261 | D        | Reached XP level 7. HP: 66/66 MP: 7/7
   264 | D        | Noticed a sun demon
   264 | D        | Killed a komodo dragon
   264 | D        | Reached **** piety under Trog
   271 | D        | Killed a kobold demonologist
   272 | D        | Reached skill level 15 in Polearms
   272 | D        | Reached XP level 8. HP: 76/76 MP: 8/8
   274 | D        | Killed a wraith
   282 | D        | Killed a gargoyle
   282 | D        | Reached ***** piety under Trog
   283 | D        | Reached skill level 5 in Armour
   429 | D        | Noticed a tengu conjurer
   429 | D        | Noticed a boulder beetle
   429 | D        | Noticed a wraith
   429 | D        | Noticed a cyclops
   436 | D        | Killed a wraith
   437 | D        | Reached XP level 9. HP: 84/84 MP: 9/9
   448 | D        | Killed a tengu conjurer
   452 | D        | Killed a cyclops
   474 | D        | Received a gift from Trog
   512 | D        | Killed a boulder beetle
   636 | D        | Noticed a cane toad
   636 | D        | Noticed a black mamba
   636 | D        | Noticed a black mamba
   636 | D        | Noticed a seven-headed hydra
   636 | D        | Noticed a cane toad
   636 | D        | Noticed a cane toad
   642 | D        | Killed a cane toad
   643 | D        | Reached skill level 10 in Dodging
   643 | D        | Reached XP level 10. HP: 95/95 MP: 10/10
   648 | D        | Killed a black mamba
   652 | D        | Killed an 11-headed hydra
   653 | D        | Reached skill level 15 in Fighting
   658 | D        | Killed a black mamba
   658 | D        | Received a gift from Trog
   665 | D        | Killed a cane toad
   671 | D        | Killed a cane toad
   674 | D        | Reached ****** piety under Trog
   851 | D        | Noticed a cane toad
   851 | D        | Noticed a cane toad
   862 | D        | Killed a cane toad
   862 | D        | Noticed an elephant
   864 | D        | Killed a cane toad
   864 | D        | Identified the +10 glaive of the Vulture {flame, rC- Str+5}
                  | (Trog gifted it to you in the Dungeon)
   864 | D        | Received a gift from Trog
   874 | D        | Reached XP level 11. HP: 105/105 MP: 11/11
   888 | D        | Reached skill level 1 in Stealth
   937 | D        | Received a gift from Trog
  1041 | D        | Noticed Joseph
  1051 | D        | Killed Joseph
  1051 | D        | Received a gift from Trog
  1063 | D        | Noticed Grum
  1074 | D        | Killed Grum
  1272 | D        | Noticed an orc knight
  1279 | D        | Received a gift from Trog
  1285 | D        | Killed an orc knight
  1450 | D        | Received a gift from Trog
  1468 | D        | Received a gift from Trog
  1598 | D        | Found Deisuq's Assorted Antiques.
  1598 | D        | Noticed an orc high priest
  1598 | D        | Noticed an orc high priest
  1610 | D        | Killed an orc high priest
  1611 | D        | HP: 2/163 [orc priest/divine providence (14)]
  1631 | D        | Killed an orc high priest
  1675 | D        | Received a gift from Trog
  2034 | D        | Found Vudo's Jewellery Shoppe.
  2037 | D        | Found Ystoivergh's Book Emporium.
  2039 | D        | Found Seotidwo's Magic Scroll Shoppe.
  2039 | D        | Noticed an orc high priest
  2042 | D        | Noticed an orc high priest
  2044 | D        | Noticed a soul eater
  2050 | D        | Noticed an orc high priest
  2053 | D        | Killed an orc high priest
  2062 | D        | Killed an orc high priest
  2063 | D        | Reached XP level 12. HP: 26/117 MP: 12/12
  2064 | D        | Received a gift from Trog
  2067 | D        | Killed an orc high priest
  2204 | D        | Bought 3 scrolls of enchant armour for 225 gold pieces
  2210 | D        | Bought a runed hat for 203 gold pieces
  2212 | D        | Bought the ring "Nirewott" {Str+6 Slay+2} for 886 gold
                  | pieces
  2216 | D        | Bought a scroll of brand weapon for 200 gold pieces
  2216 | D        | Bought a scroll of brand weapon for 200 gold pieces
  2216 | D        | Bought a scroll of fear for 35 gold pieces
  2216 | D        | Bought a scroll of identify for 20 gold pieces
  2216 | D        | Bought a scroll of summoning for 95 gold pieces
  2222 | D        | Bought a red potion for 26 gold pieces
  2222 | D        | Bought a scroll labelled IRAHOK XAXTA for 29 gold pieces
  2569 | D        | Noticed a centaur warrior
  2569 | D        | Noticed an ogre mage
  2569 | D        | Noticed a centaur warrior
  2571 | D        | Killed a centaur warrior
  2572 | D        | Reached skill level 10 in Armour
  2572 | D        | Noticed a centaur warrior
  2575 | D        | Killed an ogre mage
  2581 | D        | Killed a centaur warrior
  2581 | D        | Received a gift from Trog
  2583 | D        | Noticed a red very ugly thing
  2583 | D        | Noticed an ice dragon
  2585 | D        | Killed a centaur warrior
  2586 | D        | Noticed a deep troll earth mage
  2592 | D        | Noticed a deep troll shaman
  2594 | D        | Noticed an ice dragon
  2599 | D        | Killed a red very ugly thing
  2916 | D        | Killed an ice dragon
  2984 | D        | Killed a deep troll earth mage
  2984 | D        | Received a gift from Trog
  2985 | D        | Reached skill level 1 in Throwing
  3017 | D        | Killed a deep troll shaman
  3024 | D        | Noticed a deep troll earth mage
  3030 | D        | Killed an ice dragon
  3036 | D        | Killed a deep troll earth mage
  3310 | D        | Reached skill level 1 in Evocations
  3314 | D        | Received a gift from Trog
  3315 | D        | Reached XP level 13. HP: 129/129 MP: 13/13
  3501 | D        | Noticed a bunyip
  3515 | D        | Received a gift from Trog
  3558 | D        | Killed a bunyip
  3820 | D        | Noticed a merfolk impaler
  3830 | D        | Killed a merfolk impaler
  3830 | D        | Received a gift from Trog
  3846 | D        | Received a gift from Trog
  3913 | D        | Reached skill level 27 in Polearms
  3913 | D        | Reached skill level 15 in Dodging
  3920 | D        | Received a gift from Trog
  4193 | D        | Noticed Aizul
  4200 | D        | Killed Aizul
  4200 | D        | Received a gift from Trog
  4284 | D        | Noticed Saint Roka
  4289 | D        | Noticed Sonja
  4296 | D        | Killed Saint Roka
  4301 | D        | Killed Sonja
  4301 | D        | Received a gift from Trog
  4354 | D        | Noticed a frost giant
  4354 | D        | Noticed a brown very ugly thing
  4354 | D        | Noticed an ice dragon
  4354 | D        | Noticed an ettin
  4362 | D        | Killed a frost giant
  4363 | D        | Reached XP level 14. HP: 145/145 MP: 14/14
  4365 | D        | Killed a brown very ugly thing
  4369 | D        | Received a gift from Trog
  4373 | D        | Noticed a frost giant
  4383 | D        | Received a gift from Trog
  4486 | D        | Killed a frost giant
  5076 | D        | Received a gift from Trog
  5096 | D        | Noticed a frost giant
  5104 | D        | Killed a frost giant
  5368 | D        | Noticed an ironbound preserver
  5368 | D        | Noticed a vault warden
  5368 | D        | Noticed a vault warden
  5374 | D        | Killed an ironbound preserver
  5374 | D        | Received a gift from Trog
  5379 | D        | Killed a vault warden
  5383 | D        | Killed a vault warden
  5383 | D        | Received a gift from Trog
  5398 | D        | Received a gift from Trog
  5399 | D        | Reached skill level 27 in Fighting
  5401 | D        | Reached skill level 15 in Armour
  5405 | D        | Reached skill level 5 in Stealth
  5421 | D        | Mangled by an ironbound frostheart

Illustrated notes

Levels and vault maps discovered:
D:        linesprint [early_d, line_temple, items_1, d_10, items_2, lair_1,
          lair_end, items_3, orc_1, orc_end, items_4, d_15, swamp_1, shoals_1,
          snake_1, spider_1, d_20, vaults_1, items_5, swamp_end, shoals_end,
          snake_end, spider_end, vaults_end, d_27, items_6, zot_1, zot_end,
          crypt_end, forest_end, elf_end, slime_end, tomb_end, abyss_end,
          pan_hell_end]

Skill      XL: |  1  2  3  4  5  6  7  8  9 10 11 12 13 14 |
---------------+-------------------------------------------+-----
Dodging        | 4 6 8 10 11 12 14 15 16 | 16.7
Fighting       | 6 7 9 10 11 12 14 16 18 20 24 27 | 27.0
Polearms       | 8 9 11 13 15 17 19 21 23 25 27 | 27.0
Armour         | 2 3 4 5 6 7 9 11 13 15 | 15.3
Stealth        | 2 3 5 |  5.3
Throwing       | 1 |  1.4
Evocations     | 1 3 |  3.2

Action                   |  1- 3 |  4- 6 |  7- 9 | 10-12 | 13-15 || total
-------------------------+-------+-------+-------+-------+-------++-------
Melee: Spear             |    13 |    19 |       |       |       ||    32
       Halberd           |       |     5 |    77 |    70 |       ||   152
       Glaive            |       |       |       |   175 |    98 ||   273
       Bardiche          |       |       |       |       |    88 ||    88
Throw: Dart              |       |       |       |     1 |       ||     1
Invok: Berserk           |     1 |     2 |     2 |     5 |     9 ||    19
       Brothers in Arms  |       |       |       |     3 |     2 ||     5
Evoke: Wand              |       |       |       |     1 |     4 ||     5
  Use: Scroll            |       |       |       |     8 |     4 ||    12
       Potion            |       |       |       |     3 |     3 ||     6
Armor: Animal skin       |       |     1 |       |       |       ||     1
       Scale mail        |       |     5 |    28 |    53 |    21 ||   107
       Plate armour      |       |       |       |       |    19 ||    19
Dodge: Dodged            |     5 |     9 |    29 |    88 |    50 ||   181

Table legend: (Time is in decaauts)
 A = Elapsed time spent in this place.
 B = Non-inter-level travel time spent in this place.
 C = Inter-level travel time spent in this place.
 D = Time resting spent in this place.
 E = Time spent auto-exploring this place.
 F = Levels seen in this place.
 G = Mean time per level.
                   A        B        C        D        E       F      G
               +--------+--------+--------+--------+--------+-----+--------+
         Total |   5370 |   5370 |      0 |   2822 |    944 |   1 | 5370.0 |
       Dungeon |   5370 |   5370 |      0 |   2822 |    944 |   1 | 5370.0 |
               +--------+--------+--------+--------+--------+-----+--------+

Top non-repeatable levels by time:
       D: 5370 daAuts
